 Dungeon Crawl Stone Soup version 0.25.1-8-g42b30a86e7 (webtiles) character file.

Game seed: 11222327712499282909

176 hawla the Conjurer (level 5, -6/38 HPs)
             Began as a Draconian Conjurer on Dec 7, 2020.
             Killed by nerve-wracking pain
             ... invoked by an orc priest
              (14 damage)
             ... on level 3 of the Dungeon.
             The game lasted 00:07:58 (3540 turns).

hawla the Conjurer (Draconian Conjurer)             Turns: 3540, Time: 00:07:59

Health: -6/38      AC:  3    Str: 10    XL:     5   Next: 30%
Magic:  1/10       EV: 12    Int: 16    God:
Gold:   123        SH:  0    Dex: 12    Spells: 4/11 levels left

rFire    . . .     SeeInvis .   c - +2 dagger (drain)
rCold    . . .     Gourm    .   (no shield)
rNeg     . . .     Faith    .   (armour unavailable)
rPois    .         Spirit   .   (helmet restricted)
rElec    .         Reflect  .   h - +0 cloak
rCorr    .         Harm     .   j - +0 pair of gloves
MR       .....                  (no boots)
Stlth    ++........             (no amulet)
HPRegen  0.12/turn              a - -4 ring of protection (curse)
MPRegen  0.12/turn              (no ring)

@: no status effects
A: unfitting armour, cold-blooded, AC +5
a: no special abilities


You were on level 3 of the Dungeon.
You were hungry.

You visited 1 branch of the dungeon, and saw 3 of its levels.

You collected 123 gold pieces.

Inventory:

Hand Weapons
 c - a +2 dagger of draining (weapon)
Armour
 h - a +0 cloak (worn)
 j - a +0 pair of gloves (worn)
Jewellery
 a - a cursed -4 ring of protection (left hand)
Scrolls
 e - a scroll of teleportation
Potions
 d - a potion of curing
 f - a potion of mutation {unknown}
 k - a potion of stabbing {unknown}
Comestibles
 b - 3 rations
 g - 3 chunks of flesh


   Skills:
 - Level 1.7 Dodging
 - Level 1.7 Stealth
 + Level 3.7 Spellcasting
 - Level 4.8 Conjurations
 * Level 2.5 Translocations


You had 4 spell levels left.
You knew the following spells:

 Your Spells              Type           Power        Failure   Level  Hunger
a - Magic Dart            Conj           ###.         2%          1    None
b - Searing Ray           Conj           ###...       3%          2    ##.....
c - Iskenderun's Mystic   Conj/Tloc      ##......     36%         4    ####...

Your spell library contained the following spells:

 Spells                   Type           Power        Failure   Level  Hunger
 Dazzling Flash           Conj/Hex       ##....       19%         3    ###....
 Fulminant Prism          Conj/Hex       ##........   54%         4    ####...


Dungeon Overview and Level Annotations

Branches:
Dungeon (3/15)

Altars:


Innate Abilities, Weirdness & Mutations

Your plain brown scales are hard. (AC +5)
You cannot fit into any form of body armour.
You are cold-blooded and may be slowed by cold attacks.


Message History

The searing ray misses the orc priest.
The searing ray hits the orc.
You kill the orc!
The orc priest closely misses you.
The searing ray misses the orc priest.
The orc priest mumbles some strange prayers to Beogh against you.
Pain shoots through your body!
Casting: Searing Ray (safe; 3% risk of failure)
Confirm with . or Enter, or press ? or * to list all spells.
Aiming: Magic Dart (safe; 2% risk of failure)
Press: ? - help, Shift-Dir - straight line, f/p - orc priest
Aim: an orc priest, wielding a -3 trident and wearing a +0 leather armour (severely wounded)
The magic dart hits the orc priest but does no damage.
The orc priest is severely wounded.
The orc priest misses you.
The orc priest calls down the wrath of Beogh upon you.
Pain shoots through your body!
* * * LOW HITPOINT WARNING * * *
The orc priest mumbles some strange prayers to Beogh against you.
Pain shoots through your body!
You die...

### #####... #####
#......# %..#
#..o...#
######.######....o.#
#...@...o.))..#
#.####.######.# #.#
#.# # #.# ##.###.#
#.# #...<..#
#.#####......#
#.##........##
#.#.##.###+####
...##
#.#.##........#


You could see an orc priest.

Vanquished Creatures
  Natasha (D:3)
  4 gnolls (D:2)
  4 adders
  2 dart slugs
  3 leopard geckos (D:1)
  4 orcs (D:3)
  A giant cockroach (D:2)
  6 goblins
  8 hobgoblins
  7 jackals
  3 quokkas (D:2)
  A ball python (D:1)
  10 bats
  3 frilled lizards
  7 kobolds
  2 rats
66 creatures vanquished.

Notes
Turn   | Place    | Note
-------+----------+-------------------------------------------
     0 | D:1      | hawla the Draconian Conjurer began the quest for the Orb.
     0 | D:1      | Reached XP level 1. HP: 14/14 MP: 3/3
   379 | D:1      | Reached XP level 2. HP: 20/20 MP: 1/5
   384 | D:1      | Learned a level 2 spell: Searing Ray
  1051 | D:1      | Reached XP level 3. HP: 21/26 MP: 1/7
  1940 | D:2      | Reached XP level 4. HP: 33/33 MP: 2/8
  1946 | D:2      | Learned a level 4 spell: Iskenderun's Mystic Blast
  2467 | D:2      | Reached skill level 1 in Translocations
  3321 | D:3      | Noticed Natasha
  3323 | D:3      | Killed Natasha
  3323 | D:3      | Reached XP level 5. HP: 38/38 MP: 7/10
  3540 | D:3      | Killed from afar by an orc priest

Illustrated notes

Levels and vault maps discovered:
D:1:      matt_arrival_los_fun, layout_loops_ring, minmay_pentomino_r4
D:2:      layout_basic, first_ration
D:3:      layout_basic, lightli_temple_of_fire, uniq_robin, uniq_natasha,
          uniq_terence, uniq_jessica

Skill      XL: |  1  2  3  4 |
---------------+-------------+-----
Spellcasting   | 3 |  3.7
Translocations | 2 |  2.5
Dodging        | |  1.7
Stealth        | |  1.7
Conjurations   | |  4.8

Action                   |  1- 3 |  4- 6 || total
-------------------------+-------+-------++-------
Melee: Unarmed           |    26 |       ||    26
       Dagger            |    10 |     2 ||    12
       Tailslap          |     1 |       ||     1
 Cast: Magic Dart        |    46 |    24 ||    70
       Searing Ray       |    13 |    17 ||    30
  Use: Scroll            |     3 |     2 ||     5
  Eat: Chunk             |     4 |     5 ||     9
Armor: Skin              |    32 |     3 ||    35
Dodge: Dodged            |    79 |    10 ||    89
